AoeStats
← failbaddon

Lombardia

509667069Analyzed
3v3 RM · 5d ago on Sep 27, 2026· 78m 21s· 6 players
Game mode
Random Map
Map size
Normal (6 player)
Population
200
Speed
Normal
Resources
Standard
Victory
Conquest
Starting age
Dark Age
Ending age
Imperial Age
RankedLock teamsTeams togetherTeam positionsShared explorationLock speedFull tech treeHidden civsTurbo modeCheats
Victory
Defeat
🇺🇸 Spanish · United States
1054
+13
🇺🇸 Magyars · United States
1044
+14
🇺🇸 Danes · United States
1015
+15
1078
-17
🇧🇷 Lithuanians · Brazil
1067
-16
🇧🇷 Romans · Brazil
847
-9
failbaddon
9:52 Feudal Age
8:14 Loom
10:23 Double-Bit Axe
10:20 Horse Collar
15:16 Wheelbarrow
21:42 Castle Age
25:07 Heavy Plow
25:26 Bow Saw
25:30 Heavy Plow
28:45 Hand Cart
29:37 Town Watch
30:43 Fervor
31:42 Gold Mining
31:44 Stone Mining
32:38 Bloodlines
32:29 Husbandry
33:48 Fletching
34:14 Padded Archer Armor
34:21 Thumb Ring
34:39 Bodkin Arrow
36:52 Ballistics
39:03 Imperial Age
37:17 Gold Shaft Mining
38:05 Leather Archer Armor
39:32 Masonry
40:17 Corvinian Army
40:39 Bracer
41:12 Heavy Cavalry Archer
42:18 Parthian Tactics
43:34 Chemistry
42:59 Scale Barding Armor
43:25 Ring Archer Armor
43:29 Conscription
43:38 Caravan
44:23 Recurve Bow
44:51 Conscription
45:08 Hoardings
44:53 Elite Magyar Huszar
45:11 Elite Magyar Huszar
45:19 Elite Magyar Huszar
46:40 Chain Barding Armor
49:09 Coinage
50:21 Two-Man Saw
50:05 Plate Barding Armor
51:54 Banking
66:54 Crop Rotation
76:21 Siege Engineers
SupaHotFire
10:53 Feudal Age
9:38 Loom
16:01 Castle Age
14:21 Double-Bit Axe
17:06 Bow Saw
17:55 Wheelbarrow
19:36 Hand Cart
20:44 Scale Mail Armor
20:52 Town Watch
22:12 Squires
24:35 Chain Mail Armor
24:37 Stone Mining
24:39 Gold Mining
25:30 Forging
26:09 Arson
27:46 Iron Casting
27:17 Horse Collar
28:40 Heavy Plow
31:43 Town Patrol
31:15 Hamask
33:11 Gold Shaft Mining
33:17 Stone Shaft Mining
37:44 Imperial Age
35:58 Masonry
37:55 Elite Varangian Guard
39:22 Plate Mail Armor
38:15 Elite Jomsviking
40:03 Conscription
44:11 Blast Furnace
44:17 Hoardings
43:44 Murder Holes
46:34 Caravan
ClydeTheLP
2:45 Loom
12:03 Feudal Age
15:33 Wheelbarrow
15:51 Double-Bit Axe
16:39 Scale Mail Armor
16:46 Scale Barding Armor
20:51 Castle Age
22:22 Bloodlines
22:22 Horse Collar
27:46 Town Watch
30:07 Heavy Plow
30:40 Chain Barding Armor
32:03 Hand Cart
32:26 Gold Mining
33:07 Husbandry
34:03 Fortified Wall
37:52 Imperial Age
37:11 Masonry
36:59 Murder Holes
37:20 Forging
39:02 Cavalier
40:21 Plate Barding Armor
40:22 Iron Casting
41:06 Stone Mining
41:51 Caravan
42:44 Coinage
43:39 Blast Furnace
43:21 Bow Saw
44:21 Conscription
44:11 Paladin
49:43 Stone Shaft Mining
52:18 Fletching
52:43 Chain Mail Armor
54:14 Pikeman
54:55 Squires
54:41 Arson
55:31 Plate Mail Armor
55:43 Halberdier
71:49 Two-Man Saw
73:11 Hoardings
76:19 Light Cavalry
77:22 Guilds
|B4ST4RDS| gangster0x SKINS
2:57 Loom
10:19 Feudal Age
12:44 Bloodlines
17:35 Forging
17:31 Scale Barding Armor
19:25 Double-Bit Axe
23:20 Horse Collar
25:48 Castle Age
25:46 Wheelbarrow
25:23 Gold Mining
26:59 Heavy Plow
27:13 Bow Saw
27:08 Husbandry
29:22 Hand Cart
31:34 Caravan
39:14 Fortified Wall
39:15 Masonry
42:54 Imperial Age
40:14 Town Watch
40:46 Stone Mining
41:15 Fervor
41:06 Devotion
42:03 Iron Casting
41:49 Chain Barding Armor
41:20 Fletching
42:23 Vendel Legacy
43:17 Cavalier
46:28 Conscription
50:02 Chemistry
49:23 Ballistics
48:59 Murder Holes
48:44 Treadmill Crane
51:06 Stone Shaft Mining
52:13 Guilds
52:33 Coinage
53:31 Town Patrol
57:58 Banking
60:24 Blast Furnace
59:21 Bodkin Arrow
60:12 Plate Barding Armor
61:30 Elite Skirmisher
62:14 Bracer
62:15 Padded Archer Armor
69:44 Leather Archer Armor
69:29 Scale Mail Armor
70:23 Pikeman
71:05 Squires
72:16 Halberdier
77:30 Ring Archer Armor
Gustavo
0:29 Loom
11:49 Feudal Age
18:36 Castle Age
22:13 Gold Mining
22:43 Double-Bit Axe
26:51 Pikeman
27:50 Bow Saw
27:32 Stone Mining
28:20 Gold Shaft Mining
27:28 Horse Collar
33:05 Wheelbarrow
34:06 Heavy Plow
35:46 Hand Cart
35:31 Man-at-Arms
36:45 Caravan
36:22 Long Swordsman
39:21 Scale Mail Armor
39:31 Forging
40:27 Chain Mail Armor
40:43 Bloodlines
40:33 Husbandry
43:20 Imperial Age
42:45 Iron Casting
42:17 Scale Barding Armor
42:03 Fletching
42:13 Padded Archer Armor
44:58 Ballistas
44:36 Halberdier
46:35 Legionary
48:20 Heavy Scorpion
49:47 Ballistics
50:28 Chemistry
55:16 Blast Furnace
54:12 Bodkin Arrow
54:33 Leather Archer Armor
54:39 Chain Barding Armor
54:06 Elite Skirmisher
57:21 Capped Ram
64:50 Cavalier
Kybster
6:15 Loom
10:36 Feudal Age
11:38 Feudal Age
17:03 Double-Bit Axe
17:02 Horse Collar
20:13 Castle Age
19:30 Forging
21:12 Wheelbarrow
34:47 Imperial Age
33:41 Bow Saw
33:32 Heavy Plow
33:45 Bloodlines
34:38 Hand Cart
34:17 Gold Mining
34:17 Stone Mining
35:34 Husbandry
36:11 Iron Casting
35:13 Cavalier
35:41 Pikeman
36:22 Squires
36:07 Arson
36:24 Scale Mail Armor
36:59 Crop Rotation
37:43 Two-Man Saw
37:18 Scale Barding Armor
37:39 Fletching
37:38 Halberdier
38:47 Conscription
39:30 Tower Shields
39:47 Chain Mail Armor
40:21 Paladin
41:49 Chain Barding Armor
42:27 Bodkin Arrow
42:47 Caravan
42:13 Elite Skirmisher
42:58 Padded Archer Armor
43:33 Plate Barding Armor
45:49 Leather Archer Armor
46:14 Bracer
46:55 Stone Shaft Mining
49:19 Ring Archer Armor
49:16 Thumb Ring
55:59 Chemistry
58:18 Light Cavalry
69:36 Coinage
Connection lost

Rejoining the realm…

Still unreachable

The connection could not be restored.

Session expired

The server has moved on; the page needs a fresh start.